 Dungeon Crawl Stone Soup version 0.29-a0-330-g52719c12eb (webtiles) character file.

Game seed: 16629074976901903653

5 kae the Gusty (level 1, 0/16 HPs)
             Began as an Ogre Air Elementalist on Apr 12, 2022.
             Slain by a kobold
             ... wielding a +0 whip
              (2 damage)
             ... on level 1 of the Dungeon.
             The game lasted 00:00:13 (181 turns).

kae the Gusty (Ogre Air Elementalist)                Turns: 181, Time: 00:00:13

Health: 0/16       AC:  3    Str: 11    XL:     1   Next: 80%
Magic:  0/4        EV:  9    Int: 16    God:
Gold:   4          SH:  0    Dex:  9    Spells: 4/5 levels left

rFire   . . .      SeeInvis .   (no weapon)
rCold   . . .      Faith    .   (no shield)
rNeg    . . .      Spirit   .   a - +0 robe
rPois   .          Reflect  .   (helmet restricted)
rElec   .          Harm     .   (no cloak)
rCorr   .          Rampage  .   (gloves unavailable)
Will    .....                   (boots unavailable)
Stlth   +.........              (no amulet)
HPRegen 0.05/turn               (no ring)
MPRegen 0.09/turn               (no ring)

@: no status effects
A: large, unfitting armour, tough skin 1
a: no special abilities


You were on level 1 of the Dungeon.
You visited 1 branch of the dungeon, and saw 1 of its levels.

You collected 4 gold pieces.

Inventory:

Armour
 a - a +0 robe (worn)
Scrolls
 d - a scroll of teleportation {unknown}
Potions
 b - a potion of magic
 c - a potion of lignification {unknown}
 e - a potion of curing {unknown}
 f - a potion of ambrosia {unknown}


   Skills:
 - Level 1.7 Dodging
 - Level 1.4 Stealth
 + Level 2.5 Spellcasting
 + Level 1.0 Conjurations
 * Level 2.9 Air Magic


You had 4 spell levels left.
You knew the following spells:

 Your Spells              Type           Power      Damage    Failure   Level
a - Shock                 Conj/Air       32%        1d5       9%          1

Your spell library contained the following spells:

 Spells                   Type           Power      Damage    Failure   Level
 Static Discharge         Conj/Air       8%         N/A       13%         2
 Swiftness                Air            11%        N/A       19%         3
 Sublimation of Blood     Necr           2%         N/A       30%         2
 Wereblood                Tmut           2%         N/A       30%         2
 Summon Guardian Golem    Hex/Summ       2%         N/A       52%         3
 Airstrike                Air            5%         N/A       52%         4
 Orb of Destruction       Conj           2%         9d5       100%        7
 Spellforged Servitor     Conj/Summ      1%         N/A       100%        7
 Summon Hydra             Summ           1%         N/A       100%        7


Dungeon Overview and Level Annotations

Branches:
Dungeon (1/15)

Altars:


Innate Abilities, Weirdness & Mutations

You are too large for most types of armour.
You have tough skin. (AC +1)


Message History

The bat is severely wounded.
The bat hits you but does no damage. The bat closely misses you.
You hit the bat but do no damage.
The bat is severely wounded.
The bat closely misses you. The bat hits you.
* * * LOW HITPOINT WARNING * * *
Casting: Shock (safe; 9% risk of failure)
Confirm with . or Enter, or press ? or * to list all spells.
Aiming: Shock (safe; 9% risk of failure)
Press: ? - help, Shift-Dir - straight line You miscast Shock.
You are very lightly contaminated with residual magic.
Nothing appears to happen.
The bat hits you but does no damage. The bat closely misses you.
You closely miss the bat.
The bat is severely wounded.
The bat hits you but does no damage.
You miss the bat.
The bat is severely wounded.
The bat hits you.
* * * LOW HITPOINT WARNING * * *
The bat barely misses you. The bat closely misses you.
You hit the bat.
You kill the bat!
You barely miss the kobold. The kobold hits you with a +0 whip.
* * * LOW HITPOINT WARNING * * *
You hit the kobold.
The kobold is moderately wounded.
The kobold barely misses you.
Casting: Shock (safe; 9% risk of failure)
Confirm with . or Enter, or press ? or * to list all spells.
You don't have enough magic to cast this spell.
You closely miss the kobold.
The kobold is moderately wounded.
The kobold hits you but does no damage.
Your magical contamination has completely faded away.
You miss the kobold.
The kobold is moderately wounded.
The kobold hits you with a +0 whip.
You die...

#..................
###...........#####..
..............#...#..
####.........#.8.###
#...†.....#...... ##
#.........##..... ####.#
###...⌠....#..... #
..#..#######....⌠...#...<.
. .
#.#....K@.....⌠....#.....
..#.
#..#.####.#......##.....
..# ##.#.#
#.#......#...... ..# ##K.#
#.#......#.8.###
#.###.######.#......#...#
#..#.b.......##.....#####
#.†.######### ...... ##.##
...... #.#


You could see a kobold.

Vanquished Creatures
  A hobgoblin (D:1)
  A ball python (D:1)
  A bat (D:1)
  2 frilled lizards (D:1)
  A kobold (D:1)
  A rat (D:1)
7 creatures vanquished.

Notes
Turn   | Place    | Note
-------+----------+-------------------------------------------
     0 | D:1      | kae the Ogre Air Elementalist began the quest for the Orb.
     0 | D:1      | Reached XP level 1. HP: 16/16 MP: 3/3
   105 | D:1      | Reached skill level 1 in Conjurations
   181 | D:1      | Slain by a kobold

Illustrated notes

Levels and vault maps discovered:
D:1:      wander_arrival_estate, layout_loops_ring, kennysheep_minor_cross,
          lemuel_flame_loot_1

Skill      XL: |  1 |
---------------+----+-----
Conjurations   | 1 |  1.0
Dodging        | |  1.7
Stealth        | |  1.4
Spellcasting   | |  2.5
Air Magic      | |  2.9

Action                   || total
-------------------------++-------
Melee: Unarmed           ||    22
 Cast: Shock             ||     9
Armor: Robe              ||    11
Dodge: Dodged            ||    17

Table legend: (Time is in decaauts)
 A = Elapsed time spent in this place.
 B = Non-inter-level travel time spent in this place.
 C = Inter-level travel time spent in this place.
 D = Time resting spent in this place.
 E = Time spent auto-exploring this place.
 F = Levels seen in this place.
 G = Mean time per level.
                   A        B        C        D        E       F      G
               +--------+--------+--------+--------+--------+-----+--------+
         Total |    181 |    181 |      0 |      0 |    120 |   1 |  181.0 |
       Dungeon |    181 |    181 |      0 |      0 |    120 |   1 |  181.0 |
               +--------+--------+--------+--------+--------+-----+--------+

Top non-repeatable levels by time:
     D:1: 181 daAuts
